Avalanche vs Canadiens

Created - 17 décembre 2023 at 16:13

Goals
1 2 3 T
Avalanche 0 1 1 2
Canadiens 1 2 2 5
Shots
1 2 3 T
Avalanche 10 19 8 37
Canadiens 5 13 17 35

GoalsPenalties
1st period
1. Canadiens , Ryan Nugent-Hopkins 8 (Jonas Siegenthaler 8, Brandon Hagel 23) at 5:41 (SH)
Ryan Nugent-Hopkins (MTL) for Slashing (Minor) at 1:07
Matthew Tkachuk (MTL) for Tripping (Minor) at 4:44
K'Andre Miller (MTL) for Slashing (Minor) at 12:50
2nd period
2. Canadiens , Jonas Siegenthaler 5 (Matt Duchene 16, Brandon Hagel 24) at 3:41
3. Canadiens , Brandon Hagel 18 (Matt Duchene 17, Justin Faulk 16) at 4:56
4. Avalanche , Jordan Kyrou 19 (Brayden Point 18, Dylan DeMelo 19) at 13:36
No Penalty
3rd period
5. Avalanche , Jordan Kyrou 20 (Brayden Point 19, Dylan DeMelo 20) at 13:45
6. Canadiens , Elias Lindholm 20 (Andrew Mangiapane 17) at 17:00
7. Canadiens , Elias Lindholm 21 (Justin Faulk 17, Max Domi 17) at 17:16
No Penalty
Goalie Stats
Vitek Vanecek (COL), 30 saves from 35 shots - (0,857), L, 20-12-2, 60:00 minutes
Linus Ullmark (MTL), 35 saves from 37 shots - (0,946), W, 22-14-6, 60:00 minutes
3 StarsOfficial
1 - Elias Lindholm (MTL)
2 - Brandon Hagel (MTL)
3 - Jonas Siegenthaler (MTL)
Referees : Daria Ermak and Tom Chmielewski
Linesman : Michel Cormier and Brad Kovachik
Game Note
No Game Note
Finance
Level 1 -- Attendance: 6000 (100%) -- Ticket Income $450,000
Level 2 -- Attendance: 4922 (98%) -- Ticket Income $270,710
Level 3 -- Attendance: 3524 (67%) -- Ticket Income $105,720
Level 4 -- Attendance: 3889 (97%) -- Ticket Income $58,335
Luxury Box -- Attendance: 1000 (100%) -- Ticket Income $150,000
Game was played at the Centre Bell.
Total Attendance: 19335 (91%)
Total Ticket Income: $1,034,765
Other Income: $310,430
Total Income: $1,345,195



Team Name Goals Shots Shots Attemp Shots Blocked PIM HIT PP PK FO%
Avalanche 23765160230 / 3 (0%)055%
Canadiens 53569146210 / 0 (0%045%

Avalanche
Player Name POS G A P +/- PIM HIT SHT SB MP PP MP PP SHT PK MP PK SHT FO% FOT GA TA
Bo HorvatC000-2024121:183:2110:00052% 3300
Boone JennerC/LW0002011119:362:3600:0000% 001
Brandon TanevLW/RW000-3022111:490:0000:0000% 000
Brayden PointC/RW0221024020:163:2110:00060% 2520
David KampfC000-3013011:490:0000:00063% 800
David PastrnakRW000-2025321:183:2110:00050% 210
Dylan DeMeloD022-2011122:502:4800:0000% 001
Erik KarlssonD0000011426:122:4800:0000% 000
Esa LindellD000-1032126:002:4800:0000% 000
Jake SandersonD000-1000010:370:0000:0000% 001
Jonathan HuberdeauLW/RW000-1013220:382:3600:0000% 110
Jordan KyrouRW2022033019:362:3610:0000% 020
MacKenzie EntwistleC/LW000001007:170:0000:0000% 000
Mattias SamuelssonD000-1001010:580:2100:0000% 000
Matty BeniersC000000107:170:0000:00050% 200
Michael McCarronC/RW000001107:170:0000:0000% 000
Nikolaj EhlersLW/RW000-3014111:490:0000:0000% 000
Travis SanheimD000-1011123:233:0900:0000% 000
Canadiens
Player Name POS G A P +/- PIM HIT SHT SB MP PP MP PP SHT PK MP PK SHT FO% FOT GA TA
Andrew MangiapaneLW/RW0112027122:360:0000:00050% 200
Blake ColemanLW/RW000-1002011:480:0000:0000% 000
Brandon HagelLW1232012117:580:0003:11050% 211
Elias LindholmC2022049223:580:0002:12051% 3701
Jake WalmanD0000000013:390:0001:0700% 001
Jonas SiegenthalerD1123021227:030:0003:1400% 000
Justin FaulkD0223041427:030:0003:1400% 010
Juuso ValimakiD000000000:000:0000:0000% 000
K'Andre MillerD0000211119:180:0001:3600% 002
Mathew BarzalC/RW000-1001012:490:0000:40017% 600
Matias MaccelliLW000000004:480:0000:0000% 000
Matt DucheneC/RW0221011015:570:0000:00043% 1400
Matthew TkachukRW0001211019:450:0000:0000% 000
Max DomiC/LW0112021123:000:0001:14025% 410
Noel AcciariC/RW000000107:100:0002:2210% 100
Ryan Nugent-HopkinsC/LW1010225014:110:0002:15160% 501
Vladislav GavrikovD0000002219:140:0002:4300% 000
Zach WerenskiD0000010013:430:0000:0000% 000

Avalanche

5 vs 5 Forward
Line #Left WingCenterRight WingPHYDFOFWanted %Time %Time Play
1Jonathan HuberdeauBo HorvatDavid Pastrnak0143633%17:57
2Boone JennerBrayden PointJordan Kyrou0143431%17:00
3Brandon TanevDavid KampfNikolaj Ehlers1132222%11:49
4MacKenzie EntwistleMatty BeniersMichael McCarron140813%7:17
5 vs 5 Defense
Line #DefenseDefensePHYDFOFWanted %Time %Time Play
1Erik KarlssonEsa Lindell1313637%20:00
2Dylan DeMeloTravis Sanheim1313637%20:02
3Mattias SamuelssonJake Sanderson1402020%10:37
4Esa LindellErik Karlsson03286%3:24
Power Play Forward
Line #Left WingCenterRight WingPHYDFOFWanted %Time %Time Play
1Brayden PointBo HorvatDavid Pastrnak1045556%3:21
2Jonathan HuberdeauBoone JennerJordan Kyrou1044544%2:36
Power Play Defense
Line #DefenseDefensePHYDFOFWanted %Time %Time Play
1Erik KarlssonTravis Sanheim0145553%3:09
2Dylan DeMeloEsa Lindell0144547%2:48
Penalty Kill 4 Players Forward
Line #CenterWingPHYDFOFWanted %Time %Time Play
1Bo HorvatJonathan Huberdeau140550%0:00
2Brayden PointBoone Jenner140450%0:00
Penalty Kill 4 Players Defense
Line #DefenseDefensePHYDFOFWanted %Time %Time Play
1Erik KarlssonEsa Lindell230600%0:00
2Dylan DeMeloTravis Sanheim230400%0:00
Penalty Kill 3 Players
Line #WingPHYDFOFWanted %Time %Time PlayDefenseDefensePHYDFOFWanted %Time %Time Play
1Bo Horvat140500%0:00 Erik KarlssonEsa Lindell140550%0:00
2Brayden Point140500%0:00 Dylan DeMeloTravis Sanheim140450%0:00
4 vs 4 Forward
Line #CenterWingPHYDFOFWanted %Time %Time Play
1Bo HorvatJonathan Huberdeau122500%0:00
2Brayden PointBoone Jenner122500%0:00
4 vs 4 Defense
Line #DefensePHYDFOFWanted %Time %Time Play
1Erik KarlssonEsa Lindell122500%0:00
2Dylan DeMeloTravis Sanheim122500%0:00
Last Minutes Offensive
Left WingCenterRight WingDefenseDefense
Jonathan HuberdeauBo HorvatDavid PastrnakErik KarlssonEsa Lindell
Last Minutes Defensive
Left WingCenterRight WingDefenseDefense
Jonathan HuberdeauBo HorvatDavid PastrnakErik KarlssonEsa Lindell
Time
Total ForwardTotal DefenseLast Minutes OffensiveLast Minutes Defensive
60:00 60:00 0:000:00
Extra Forwards
Normal PowerPlayPenalty Kill
Jordan Kyrou, Boone Jenner, Brandon TanevJordan Kyrou, Boone JennerJordan Kyrou
Extra Defensemen
Normal PowerPlayPenalty Kill
Mattias Samuelsson, Jake Sanderson, Dylan DeMeloMattias Samuelsson, Mattias SamuelssonJake Sanderson
Penalty Shots
David Pastrnak, Bo Horvat, Brayden Point, Jonathan Huberdeau, Jordan Kyrou
Goalie
Vitek Vanecek, Alex Nedeljkovic
Scratches
None

Canadiens

5 vs 5 Forward
Line #Left WingCenterRight WingPHYDFOFWanted %Time %Time Play
1Max DomiElias LindholmAndrew Mangiapane1224741%22:12
2Brandon HagelMatt DucheneMatthew Tkachuk1223129%15:32
3Ryan Nugent-HopkinsMathew BarzalBlake Coleman1221821%11:31
4Matias MaccelliNoel AcciariMatthew Tkachuk12249%4:48
5 vs 5 Defense
Line #DefenseDefensePHYDFOFWanted %Time %Time Play
1Justin FaulkJonas Siegenthaler1224041%22:23
2K'Andre MillerVladislav Gavrikov1223233%17:42
3Jake WalmanZach Werenski1222323%12:32
4Justin FaulkJonas Siegenthaler12253%1:26
Power Play Forward
Line #Left WingCenterRight WingPHYDFOFWanted %Time %Time Play
1Ryan Nugent-HopkinsElias LindholmMatthew Tkachuk113700%0:00
2Andrew MangiapaneMax DomiMatt Duchene014300%0:00
Power Play Defense
Line #DefenseDefensePHYDFOFWanted %Time %Time Play
1Justin FaulkJonas Siegenthaler113650%0:00
2K'Andre MillerVladislav Gavrikov113350%0:00
Penalty Kill 4 Players Forward
Line #CenterWingPHYDFOFWanted %Time %Time Play
1Ryan Nugent-HopkinsBrandon Hagel1316574%4:25
2Elias LindholmNoel Acciari1313526%1:32
Penalty Kill 4 Players Defense
Line #DefenseDefensePHYDFOFWanted %Time %Time Play
1Justin FaulkJonas Siegenthaler1316554%3:14
2K'Andre MillerVladislav Gavrikov1313546%2:43
Penalty Kill 3 Players
Line #WingPHYDFOFWanted %Time %Time PlayDefenseDefensePHYDFOFWanted %Time %Time Play
1Elias Lindholm140580%0:00 K'Andre MillerJonas Siegenthaler140600%0:00
2Brandon Hagel140420%0:00 Jake WalmanVladislav Gavrikov140400%0:00
4 vs 4 Forward
Line #CenterWingPHYDFOFWanted %Time %Time Play
1Ryan Nugent-HopkinsMax Domi122600%0:00
2Elias LindholmAndrew Mangiapane122400%0:00
4 vs 4 Defense
Line #DefensePHYDFOFWanted %Time %Time Play
1Zach WerenskiJonas Siegenthaler122650%0:00
2K'Andre MillerVladislav Gavrikov122350%0:00
Last Minutes Offensive
Left WingCenterRight WingDefenseDefense
Brandon HagelRyan Nugent-HopkinsMatthew TkachukJustin FaulkJonas Siegenthaler
Last Minutes Defensive
Left WingCenterRight WingDefenseDefense
Ryan Nugent-HopkinsNoel AcciariBlake ColemanK'Andre MillerJonas Siegenthaler
Time
Total ForwardTotal DefenseLast Minutes OffensiveLast Minutes Defensive
60:00 60:00 0:000:00
Extra Forwards
Normal PowerPlayPenalty Kill
Matt Duchene, Andrew Mangiapane, Mathew BarzalMatt Duchene, Andrew MangiapaneNoel Acciari
Extra Defensemen
Normal PowerPlayPenalty Kill
Vladislav Gavrikov, Jake Walman, Zach WerenskiVladislav Gavrikov, Vladislav GavrikovJake Walman
Penalty Shots
Matthew Tkachuk, Ryan Nugent-Hopkins, Elias Lindholm, Brandon Hagel, Matt Duchene
Goalie
Linus Ullmark, Ukko-Pekka Luukkonen
Scratches
None


Play-by-Play

1st period


0:01 of 1st period - Elias Lindholm wins face-off versus Bo Horvat in neutral zone.
0:26 of 1st period - Erik Karlsson is hit by Justin Faulk and loses puck.
0:39 of 1st period - Snap shot by Matthew Tkachuk.
0:39 of 1st period - Shot Blocked by Esa Lindell.
0:49 of 1st period - Slapshot by Erik Karlsson.
0:49 of 1st period - Stopped by Linus Ullmark with a rebound.
1:07 of 1st period - Minor Penalty to Ryan Nugent-Hopkins for Slashing.
1:08 of 1st period - Bo Horvat wins face-off versus Noel Acciari in Canadiens zone.
1:15 of 1st period - Wrist shot by David Pastrnak.
1:15 of 1st period - Shot Blocked by Brandon Hagel.
1:25 of 1st period - Slapshot by Brayden Point.
1:25 of 1st period - Shot Blocked by Jonas Siegenthaler.
1:39 of 1st period - Elias Lindholm is hit by Jordan Kyrou and loses puck.
2:50 of 1st period - K'Andre Miller is hit by Jonathan Huberdeau and loses puck.
3:07 of 1st period - Penalty to Ryan Nugent-Hopkins is over, Ryan Nugent-Hopkins is back on ice.
3:37 of 1st period - Jonas Siegenthaler is hit by MacKenzie Entwistle and loses puck.
3:56 of 1st period - Elias Lindholm is hit by Brandon Tanev and loses puck.
4:31 of 1st period - Matty Beniers is hit by Andrew Mangiapane and loses puck.
4:44 of 1st period - Minor Penalty to Matthew Tkachuk for Tripping.
4:45 of 1st period - Brayden Point wins face-off versus Ryan Nugent-Hopkins in Canadiens zone.
4:46 of 1st period - Wrist shot by David Pastrnak.
4:46 of 1st period - Shot Misses the Net.
4:48 of 1st period - Wrist shot by David Pastrnak.
4:48 of 1st period - Stopped by Linus Ullmark with a rebound.
4:50 of 1st period - Snap shot by Brayden Point.
4:50 of 1st period - Stopped by Linus Ullmark without a rebound.
4:51 of 1st period - Ryan Nugent-Hopkins wins face-off versus Bo Horvat in Canadiens zone.
5:00 of 1st period - Wrist shot by Brandon Hagel.
5:00 of 1st period - Shot Misses the Net.
5:06 of 1st period - Snap shot by Brayden Point.
5:06 of 1st period - Shot Blocked by Justin Faulk.
5:08 of 1st period - Wrist shot by Bo Horvat.
5:08 of 1st period - Stopped by Linus Ullmark with a rebound.
5:27 of 1st period - Backhand shot by Jonathan Huberdeau.
5:27 of 1st period - Deflect By Jordan Kyrou.
5:27 of 1st period - Stopped by Linus Ullmark with a rebound.
5:29 of 1st period - Slapshot by Erik Karlsson.
5:29 of 1st period - Deflect By Jordan Kyrou.
5:29 of 1st period - Shot Misses the Net.
5:29 of 1st period - Puck is out of play.
5:30 of 1st period - Ryan Nugent-Hopkins wins face-off versus Bo Horvat in Canadiens zone.
5:39 of 1st period - Wrist shot by Brandon Hagel.
5:39 of 1st period - Shot Misses the Net.
5:41 of 1st period - Backhand shot by Jonas Siegenthaler.
5:41 of 1st period - Deflect By Ryan Nugent-Hopkins.
5:41 of 1st period - Goal by Ryan Nugent-Hopkins - Avalanche : 0 - Canadiens : 1.
5:42 of 1st period - Bo Horvat wins face-off versus Ryan Nugent-Hopkins in neutral zone.
6:21 of 1st period - Slapshot by Ryan Nugent-Hopkins.
6:21 of 1st period - Shot Misses the Net.
6:37 of 1st period - Jordan Kyrou is hit by Elias Lindholm and loses puck.
6:44 of 1st period - Penalty to Matthew Tkachuk is over, Matthew Tkachuk is back on ice.
7:03 of 1st period - Wrist shot by Matthew Tkachuk.
7:03 of 1st period - Shot Misses the Net.
7:19 of 1st period - Snap shot by Elias Lindholm.
7:19 of 1st period - Stopped by Vitek Vanecek with a rebound.
7:33 of 1st period - Wrist shot by Matthew Tkachuk.
7:33 of 1st period - Stopped by Vitek Vanecek with a rebound.
8:35 of 1st period - K'Andre Miller is hit by Boone Jenner and loses puck.
9:52 of 1st period - Andrew Mangiapane is hit by David Pastrnak and loses puck.
10:17 of 1st period - Backhand shot by Brayden Point.
10:17 of 1st period - Stopped by Linus Ullmark without a rebound.
10:18 of 1st period - Brandon Hagel wins face-off versus Bo Horvat in Canadiens zone.
10:37 of 1st period - Jonas Siegenthaler is hit by Jordan Kyrou and loses puck.
11:32 of 1st period - Jonathan Huberdeau is hit by Justin Faulk and loses puck.
12:01 of 1st period - Wrist shot by David Pastrnak.
12:01 of 1st period - Stopped by Linus Ullmark with a rebound.
12:03 of 1st period - Snap shot by David Pastrnak.
12:03 of 1st period - Shot Blocked by Justin Faulk.
12:05 of 1st period - Wrist shot by Bo Horvat.
12:05 of 1st period - Stopped by Linus Ullmark with a rebound.
12:07 of 1st period - Wrist shot by David Pastrnak.
12:07 of 1st period - Stopped by Linus Ullmark with a rebound.
12:09 of 1st period - Wrist shot by Jonathan Huberdeau.
12:09 of 1st period - Shot Misses the Net.
12:11 of 1st period - Snap shot by David Pastrnak.
12:11 of 1st period - Deflect By Jonathan Huberdeau.
12:11 of 1st period - Shot Misses the Net.
12:11 of 1st period - Puck is out of play.
12:12 of 1st period - Brayden Point wins face-off versus Elias Lindholm in Canadiens zone.
12:23 of 1st period - Backhand shot by Elias Lindholm.
12:23 of 1st period - Stopped by Vitek Vanecek without a rebound.
12:24 of 1st period - Brayden Point wins face-off versus Elias Lindholm in Avalanche zone.
12:24 of 1st period - Brayden Point is hit by Elias Lindholm.
12:31 of 1st period - Dylan DeMelo is hit by K'Andre Miller and loses puck.
12:50 of 1st period - Minor Penalty to K'Andre Miller for Slashing.
12:51 of 1st period - Ryan Nugent-Hopkins wins face-off versus Bo Horvat in Canadiens zone.
13:29 of 1st period - Snap shot by Noel Acciari.
13:29 of 1st period - Stopped by Vitek Vanecek with a rebound.
13:58 of 1st period - Wrist shot by Max Domi.
13:58 of 1st period - Shot Blocked by Boone Jenner.
14:04 of 1st period - Vladislav Gavrikov is hit by Esa Lindell and loses puck.
14:50 of 1st period - Penalty to K'Andre Miller is over, K'Andre Miller is back on ice.
16:01 of 1st period - Off-side.
16:02 of 1st period - Mathew Barzal wins face-off versus Brayden Point in neutral zone.
16:27 of 1st period - David Pastrnak is hit by Jonas Siegenthaler and loses puck.
17:41 of 1st period - Slapshot by David Kampf.
17:41 of 1st period - Stopped by Linus Ullmark without a rebound.
17:42 of 1st period - Matt Duchene wins face-off versus David Kampf in Canadiens zone.
17:57 of 1st period - Noel Acciari is hit by Erik Karlsson and loses puck.
18:40 of 1st period - Jordan Kyrou is hit by Max Domi.
Goals for this period are 0 for Avalanche vs 1 for Canadiens.
Shots for this period are 10 for Avalanche vs 5 for Canadiens.

2nd period


0:01 of 2nd period - Brayden Point wins face-off versus Elias Lindholm in neutral zone.
0:16 of 2nd period - Wrist shot by Brayden Point.
0:16 of 2nd period - Stopped by Linus Ullmark with a rebound.
0:36 of 2nd period - Slapshot by Brandon Tanev.
0:36 of 2nd period - Stopped by Linus Ullmark with a rebound.
0:38 of 2nd period - Slapshot by David Kampf.
0:38 of 2nd period - Shot Misses the Net.
0:40 of 2nd period - Slapshot by Brandon Tanev.
0:40 of 2nd period - Stopped by Linus Ullmark without a rebound.
0:41 of 2nd period - Bo Horvat wins face-off versus Matt Duchene in Canadiens zone.
0:46 of 2nd period - Slapshot by Bo Horvat.
0:46 of 2nd period - Stopped by Linus Ullmark without a rebound.
0:47 of 2nd period - Bo Horvat wins face-off versus Matt Duchene in Canadiens zone.
0:58 of 2nd period - Snap shot by Bo Horvat.
0:58 of 2nd period - Stopped by Linus Ullmark without a rebound.
0:59 of 2nd period - Brayden Point wins face-off versus Andrew Mangiapane in Canadiens zone.
1:56 of 2nd period - Snap shot by Ryan Nugent-Hopkins.
1:56 of 2nd period - Deflect By Blake Coleman.
1:56 of 2nd period - Shot Misses the Net.
1:56 of 2nd period - Puck is out of play.
1:57 of 2nd period - Elias Lindholm wins face-off versus Brayden Point in Avalanche zone.
2:09 of 2nd period - Off-side.
2:10 of 2nd period - Elias Lindholm wins face-off versus Bo Horvat in neutral zone.
2:19 of 2nd period - Slapshot by Jonathan Huberdeau.
2:19 of 2nd period - Shot Blocked by Elias Lindholm.
2:37 of 2nd period - Travis Sanheim is hit by Brandon Hagel and loses puck.
3:06 of 2nd period - Wrist shot by Nikolaj Ehlers.
3:06 of 2nd period - Deflect By Ryan Nugent-Hopkins.
3:06 of 2nd period - Stopped by Linus Ullmark with a rebound.
3:25 of 2nd period - Wrist shot by Justin Faulk.
3:25 of 2nd period - Stopped by Vitek Vanecek without a rebound.
3:26 of 2nd period - Bo Horvat wins face-off versus Matt Duchene in Avalanche zone.
3:41 of 2nd period - Slapshot by Jonas Siegenthaler.
3:41 of 2nd period - Deflect By David Pastrnak.
3:41 of 2nd period - Goal by Jonas Siegenthaler - Avalanche : 0 - Canadiens : 2.
3:42 of 2nd period - Max Domi wins face-off versus Bo Horvat in neutral zone.
3:57 of 2nd period - Wrist shot by Andrew Mangiapane.
3:57 of 2nd period - Stopped by Vitek Vanecek without a rebound.
3:58 of 2nd period - Elias Lindholm wins face-off versus Brayden Point in Avalanche zone.
3:59 of 2nd period - Wrist shot by Andrew Mangiapane.
3:59 of 2nd period - Shot Blocked by Erik Karlsson.
4:01 of 2nd period - Snap shot by Max Domi.
4:01 of 2nd period - Shot Misses the Net.
4:03 of 2nd period - Snap shot by Andrew Mangiapane.
4:03 of 2nd period - Shot Blocked by Erik Karlsson.
4:05 of 2nd period - Slapshot by Elias Lindholm.
4:05 of 2nd period - Stopped by Vitek Vanecek without a rebound.
4:06 of 2nd period - Brayden Point wins face-off versus Elias Lindholm in Avalanche zone.
4:22 of 2nd period - Wrist shot by Elias Lindholm.
4:22 of 2nd period - Stopped by Vitek Vanecek without a rebound.
4:23 of 2nd period - Bo Horvat wins face-off versus Matt Duchene in Avalanche zone.
4:31 of 2nd period - Brandon Hagel is hit by Bo Horvat and loses puck.
4:49 of 2nd period - Justin Faulk is hit by Dylan DeMelo and loses puck.
4:56 of 2nd period - Wrist shot by Matt Duchene.
4:56 of 2nd period - Deflect By Brandon Hagel.
4:56 of 2nd period - Goal by Brandon Hagel - Avalanche : 0 - Canadiens : 3.
4:57 of 2nd period - Brayden Point wins face-off versus Elias Lindholm in neutral zone.
5:06 of 2nd period - Boone Jenner is hit by Elias Lindholm and loses puck.
5:23 of 2nd period - Matthew Tkachuk is hit by David Pastrnak and loses puck.
5:30 of 2nd period - Slapshot by Brandon Hagel.
5:30 of 2nd period - Stopped by Vitek Vanecek without a rebound.
5:31 of 2nd period - Bo Horvat wins face-off versus Elias Lindholm in Avalanche zone.
6:28 of 2nd period - Snap shot by Ryan Nugent-Hopkins.
6:28 of 2nd period - Stopped by Vitek Vanecek with a rebound.
6:30 of 2nd period - Wrist shot by Mathew Barzal.
6:30 of 2nd period - Shot Misses the Net.
6:52 of 2nd period - Snap shot by Matty Beniers.
6:52 of 2nd period - Shot Misses the Net.
8:12 of 2nd period - Slapshot by MacKenzie Entwistle.
8:12 of 2nd period - Deflect By Michael McCarron.
8:12 of 2nd period - Stopped by Linus Ullmark without a rebound.
8:13 of 2nd period - Matty Beniers wins face-off versus Max Domi in Canadiens zone.
8:14 of 2nd period - Slapshot by Travis Sanheim.
8:14 of 2nd period - Shot Misses the Net.
8:16 of 2nd period - Slapshot by Dylan DeMelo.
8:16 of 2nd period - Shot Misses the Net.
8:18 of 2nd period - Wrist shot by Michael McCarron.
8:18 of 2nd period - Shot Misses the Net.
8:20 of 2nd period - Wrist shot by Matty Beniers.
8:20 of 2nd period - Stopped by Linus Ullmark without a rebound.
8:21 of 2nd period - Bo Horvat wins face-off versus Elias Lindholm in Canadiens zone.
8:22 of 2nd period - Snap shot by David Pastrnak.
8:22 of 2nd period - Stopped by Linus Ullmark with a rebound.
8:24 of 2nd period - Slapshot by Travis Sanheim.
8:24 of 2nd period - Shot Blocked by Max Domi.
8:26 of 2nd period - Slapshot by Travis Sanheim.
8:26 of 2nd period - Shot Misses the Net.
8:28 of 2nd period - Slapshot by Travis Sanheim.
8:28 of 2nd period - Stopped by Linus Ullmark without a rebound.
8:29 of 2nd period - Bo Horvat wins face-off versus Elias Lindholm in Canadiens zone.
8:32 of 2nd period - Snap shot by David Pastrnak.
8:32 of 2nd period - Shot Blocked by Andrew Mangiapane.
8:38 of 2nd period - Slapshot by Vladislav Gavrikov.
8:38 of 2nd period - Shot Blocked by David Pastrnak.
8:40 of 2nd period - Snap shot by Elias Lindholm.
8:40 of 2nd period - Shot Blocked by Jonathan Huberdeau.
8:50 of 2nd period - Snap shot by David Pastrnak.
8:50 of 2nd period - Shot Blocked by K'Andre Miller.
8:54 of 2nd period - Slapshot by Jonathan Huberdeau.
8:54 of 2nd period - Stopped by Linus Ullmark without a rebound.
8:55 of 2nd period - Brayden Point wins face-off versus Brandon Hagel in Canadiens zone.
9:30 of 2nd period - Slapshot by Brandon Hagel.
9:30 of 2nd period - Shot Misses the Net.
9:50 of 2nd period - Wrist shot by Nikolaj Ehlers.
9:50 of 2nd period - Stopped by Linus Ullmark without a rebound.
9:51 of 2nd period - Elias Lindholm wins face-off versus Brayden Point in Canadiens zone.
11:08 of 2nd period - Wrist shot by Andrew Mangiapane.
11:08 of 2nd period - Shot Misses the Net.
11:22 of 2nd period - Icing by Blake Coleman.
11:23 of 2nd period - Brayden Point wins face-off versus Mathew Barzal in Canadiens zone.
11:26 of 2nd period - Wrist shot by Jordan Kyrou.
11:26 of 2nd period - Shot Blocked by Justin Faulk.
11:38 of 2nd period - Snap shot by Ryan Nugent-Hopkins.
11:38 of 2nd period - Stopped by Vitek Vanecek without a rebound.
11:39 of 2nd period - Elias Lindholm wins face-off versus Bo Horvat in Avalanche zone.
12:06 of 2nd period - Brayden Point is hit by Zach Werenski and loses puck.
12:30 of 2nd period - Ryan Nugent-Hopkins is hit by Michael McCarron and loses puck.
13:28 of 2nd period - Snap shot by Boone Jenner.
13:28 of 2nd period - Stopped by Linus Ullmark with a rebound.
13:30 of 2nd period - Slapshot by Travis Sanheim.
13:30 of 2nd period - Shot Blocked by Justin Faulk.
13:32 of 2nd period - Slapshot by Dylan DeMelo.
13:32 of 2nd period - Stopped by Linus Ullmark with a rebound.
13:36 of 2nd period - Snap shot by Jordan Kyrou.
13:36 of 2nd period - Goal by Jordan Kyrou - Avalanche : 1 - Canadiens : 3.
13:37 of 2nd period - Elias Lindholm wins face-off versus Brayden Point in neutral zone.
13:42 of 2nd period - Snap shot by Elias Lindholm.
13:42 of 2nd period - Shot Misses the Net.
13:44 of 2nd period - Snap shot by Justin Faulk.
13:44 of 2nd period - Shot Misses the Net.
13:46 of 2nd period - Wrist shot by Andrew Mangiapane.
13:46 of 2nd period - Stopped by Vitek Vanecek without a rebound.
13:47 of 2nd period - Elias Lindholm wins face-off versus Brayden Point in Avalanche zone.
14:14 of 2nd period - Andrew Mangiapane is hit by Brayden Point and loses puck.
14:30 of 2nd period - Off-side.
14:31 of 2nd period - Matt Duchene wins face-off versus Bo Horvat in neutral zone.
14:33 of 2nd period - Off-side.
14:34 of 2nd period - Matt Duchene wins face-off versus Bo Horvat in neutral zone.
14:39 of 2nd period - Slapshot by Brandon Hagel.
14:39 of 2nd period - Shot Misses the Net.
15:05 of 2nd period - Slapshot by K'Andre Miller.
15:05 of 2nd period - Shot Blocked by Dylan DeMelo.
15:07 of 2nd period - Slapshot by K'Andre Miller.
15:07 of 2nd period - Shot Misses the Net.
15:09 of 2nd period - Slapshot by K'Andre Miller.
15:09 of 2nd period - Stopped by Vitek Vanecek without a rebound.
15:10 of 2nd period - Brayden Point wins face-off versus Elias Lindholm in Avalanche zone.
15:22 of 2nd period - Snap shot by Erik Karlsson.
15:22 of 2nd period - Shot Misses the Net.
15:24 of 2nd period - Snap shot by Brayden Point.
15:24 of 2nd period - Stopped by Linus Ullmark without a rebound.
15:25 of 2nd period - Bo Horvat wins face-off versus Elias Lindholm in Canadiens zone.
16:15 of 2nd period - Slapshot by Brandon Tanev.
16:15 of 2nd period - Shot Misses the Net.
16:17 of 2nd period - Slapshot by Esa Lindell.
16:17 of 2nd period - Stopped by Linus Ullmark with a rebound.
16:19 of 2nd period - Snap shot by Nikolaj Ehlers.
16:19 of 2nd period - Stopped by Linus Ullmark without a rebound.
16:20 of 2nd period - Bo Horvat wins face-off versus Max Domi in Canadiens zone.
16:23 of 2nd period - Slapshot by Jonathan Huberdeau.
16:23 of 2nd period - Shot Blocked by Vladislav Gavrikov.
16:25 of 2nd period - Slapshot by Mattias Samuelsson.
16:25 of 2nd period - Stopped by Linus Ullmark without a rebound.
16:26 of 2nd period - Elias Lindholm wins face-off versus Bo Horvat in Canadiens zone.
16:37 of 2nd period - Snap shot by Andrew Mangiapane.
16:37 of 2nd period - Stopped by Vitek Vanecek without a rebound.
16:38 of 2nd period - Elias Lindholm wins face-off versus Bo Horvat in Avalanche zone.
16:39 of 2nd period - Slapshot by Andrew Mangiapane.
16:39 of 2nd period - Stopped by Vitek Vanecek without a rebound.
16:40 of 2nd period - Bo Horvat wins face-off versus Elias Lindholm in Avalanche zone.
18:59 of 2nd period - Wrist shot by Boone Jenner.
18:59 of 2nd period - Shot Misses the Net.
Goals for this period are 1 for Avalanche vs 2 for Canadiens.
Shots for this period are 19 for Avalanche vs 13 for Canadiens.

3rd period


0:01 of 3rd period - Elias Lindholm wins face-off versus David Pastrnak in neutral zone.
0:26 of 3rd period - Boone Jenner is hit by Matt Duchene and loses puck.
0:47 of 3rd period - Snap shot by Mathew Barzal.
0:47 of 3rd period - Stopped by Vitek Vanecek without a rebound.
0:48 of 3rd period - David Kampf wins face-off versus Mathew Barzal in Avalanche zone.
0:53 of 3rd period - Nikolaj Ehlers is hit by Ryan Nugent-Hopkins and loses puck.
1:01 of 3rd period - Off-side.
1:02 of 3rd period - Bo Horvat wins face-off versus Elias Lindholm in neutral zone.
1:04 of 3rd period - Travis Sanheim is hit by Justin Faulk and loses puck.
1:13 of 3rd period - David Pastrnak is hit by Elias Lindholm and loses puck.
1:53 of 3rd period - K'Andre Miller is hit by Brandon Tanev and loses puck.
2:17 of 3rd period - Off-side.
2:18 of 3rd period - Elias Lindholm wins face-off versus Matty Beniers in neutral zone.
2:33 of 3rd period - Wrist shot by Andrew Mangiapane.
2:33 of 3rd period - Stopped by Vitek Vanecek without a rebound.
2:34 of 3rd period - David Pastrnak wins face-off versus Matt Duchene in Avalanche zone.
2:43 of 3rd period - Justin Faulk is hit by Bo Horvat and loses puck.
2:48 of 3rd period - Snap shot by Jonathan Huberdeau.
2:48 of 3rd period - Stopped by Linus Ullmark without a rebound.
2:49 of 3rd period - Brayden Point wins face-off versus Elias Lindholm in Canadiens zone.
3:26 of 3rd period - Snap shot by David Pastrnak.
3:26 of 3rd period - Shot Misses the Net.
3:58 of 3rd period - Snap shot by Travis Sanheim.
3:58 of 3rd period - Shot Blocked by Vladislav Gavrikov.
4:20 of 3rd period - Slapshot by K'Andre Miller.
4:20 of 3rd period - Shot Blocked by Travis Sanheim.
4:22 of 3rd period - Snap shot by Vladislav Gavrikov.
4:22 of 3rd period - Shot Misses the Net.
4:28 of 3rd period - Travis Sanheim is hit by Ryan Nugent-Hopkins.
6:08 of 3rd period - Elias Lindholm is hit by Jordan Kyrou.
6:20 of 3rd period - Jake Sanderson is hit by Jonas Siegenthaler and loses puck.
6:41 of 3rd period - Noel Acciari is hit by David Kampf and loses puck.
8:13 of 3rd period - Icing by David Kampf.
8:14 of 3rd period - Matt Duchene wins face-off versus Jonathan Huberdeau in Avalanche zone.
8:15 of 3rd period - Slapshot by Ryan Nugent-Hopkins.
8:15 of 3rd period - Stopped by Vitek Vanecek with a rebound.
8:17 of 3rd period - Wrist shot by Ryan Nugent-Hopkins.
8:17 of 3rd period - Shot Blocked by Jonathan Huberdeau.
8:21 of 3rd period - Wrist shot by Ryan Nugent-Hopkins.
8:21 of 3rd period - Stopped by Vitek Vanecek with a rebound.
8:23 of 3rd period - Wrist shot by Blake Coleman.
8:23 of 3rd period - Shot Blocked by Erik Karlsson.
8:25 of 3rd period - Snap shot by Matt Duchene.
8:25 of 3rd period - Shot Blocked by David Pastrnak.
8:27 of 3rd period - Wrist shot by Blake Coleman.
8:27 of 3rd period - Stopped by Vitek Vanecek with a rebound.
8:41 of 3rd period - Jonathan Huberdeau is hit by Max Domi and loses puck.
8:50 of 3rd period - Wrist shot by Max Domi.
8:50 of 3rd period - Deflect By Andrew Mangiapane.
8:50 of 3rd period - Shot Blocked by Bo Horvat.
8:50 of 3rd period - Puck is out of play.
8:51 of 3rd period - Brayden Point wins face-off versus Matt Duchene in Avalanche zone.
9:00 of 3rd period - Jake Sanderson is hit by Matthew Tkachuk.
10:01 of 3rd period - Matias Maccelli is hit by Travis Sanheim and loses puck.
10:33 of 3rd period - Wrist shot by Elias Lindholm.
10:33 of 3rd period - Stopped by Vitek Vanecek without a rebound.
10:34 of 3rd period - Andrew Mangiapane wins face-off versus Bo Horvat in Avalanche zone.
10:45 of 3rd period - Slapshot by Max Domi.
10:45 of 3rd period - Shot Misses the Net.
10:47 of 3rd period - Wrist shot by Max Domi.
10:47 of 3rd period - Shot Blocked by David Pastrnak.
10:49 of 3rd period - Snap shot by Andrew Mangiapane.
10:49 of 3rd period - Stopped by Vitek Vanecek without a rebound.
10:50 of 3rd period - Brayden Point wins face-off versus Matt Duchene in Avalanche zone.
10:57 of 3rd period - Jonas Siegenthaler is hit by Esa Lindell and loses puck.
11:16 of 3rd period - Elias Lindholm is hit by Esa Lindell and loses puck.
11:36 of 3rd period - Off-side.
11:37 of 3rd period - David Kampf wins face-off versus Mathew Barzal in neutral zone.
11:53 of 3rd period - Off-side.
11:54 of 3rd period - Elias Lindholm wins face-off versus Brayden Point in neutral zone.
11:57 of 3rd period - Jordan Kyrou is hit by Justin Faulk and loses puck.
12:07 of 3rd period - Off-side.
12:08 of 3rd period - Elias Lindholm wins face-off versus Bo Horvat in neutral zone.
12:49 of 3rd period - Wrist shot by David Pastrnak.
12:49 of 3rd period - Deflect By Jonathan Huberdeau.
12:49 of 3rd period - Stopped by Linus Ullmark without a rebound.
12:50 of 3rd period - Elias Lindholm wins face-off versus Brayden Point in Canadiens zone.
12:55 of 3rd period - Snap shot by Max Domi.
12:55 of 3rd period - Deflect By Elias Lindholm.
12:55 of 3rd period - Shot Misses the Net.
12:55 of 3rd period - Puck is out of play.
12:56 of 3rd period - Brayden Point wins face-off versus Elias Lindholm in Avalanche zone.
13:07 of 3rd period - Wrist shot by Brayden Point.
13:07 of 3rd period - Shot Blocked by Elias Lindholm.
13:45 of 3rd period - Wrist shot by Jordan Kyrou.
13:45 of 3rd period - Goal by Jordan Kyrou - Avalanche : 2 - Canadiens : 3.
13:46 of 3rd period - Bo Horvat wins face-off versus Elias Lindholm in neutral zone.
14:23 of 3rd period - Wrist shot by Ryan Nugent-Hopkins.
14:23 of 3rd period - Shot Blocked by Erik Karlsson.
14:25 of 3rd period - Snap shot by Blake Coleman.
14:25 of 3rd period - Stopped by Vitek Vanecek without a rebound.
14:26 of 3rd period - Brayden Point wins face-off versus Elias Lindholm in Avalanche zone.
14:43 of 3rd period - Snap shot by Andrew Mangiapane.
14:43 of 3rd period - Stopped by Vitek Vanecek with a rebound.
16:28 of 3rd period - Slapshot by Elias Lindholm.
16:28 of 3rd period - Stopped by Vitek Vanecek without a rebound.
16:29 of 3rd period - David Kampf wins face-off versus Matt Duchene in Avalanche zone.
16:36 of 3rd period - Matt Duchene is hit by Nikolaj Ehlers and loses puck.
16:44 of 3rd period - Off-side.
16:45 of 3rd period - Matt Duchene wins face-off versus Bo Horvat in neutral zone.
16:56 of 3rd period - Wrist shot by Matthew Tkachuk.
16:56 of 3rd period - Deflect By Matt Duchene.
16:56 of 3rd period - Stopped by Vitek Vanecek without a rebound.
16:57 of 3rd period - Elias Lindholm wins face-off versus David Kampf in Avalanche zone.
17:00 of 3rd period - Slapshot by Elias Lindholm.
17:00 of 3rd period - Goal by Elias Lindholm - Avalanche : 2 - Canadiens : 4.
17:01 of 3rd period - Elias Lindholm wins face-off versus David Kampf in neutral zone.
17:10 of 3rd period - Slapshot by Andrew Mangiapane.
17:10 of 3rd period - Shot Blocked by Nikolaj Ehlers.
17:12 of 3rd period - Snap shot by Max Domi.
17:12 of 3rd period - Stopped by Vitek Vanecek with a rebound.
17:14 of 3rd period - Wrist shot by Justin Faulk.
17:14 of 3rd period - Shot Blocked by Brandon Tanev.
17:16 of 3rd period - Snap shot by Elias Lindholm.
17:16 of 3rd period - Goal by Elias Lindholm - Avalanche : 2 - Canadiens : 5.
17:17 of 3rd period - Elias Lindholm wins face-off versus Brayden Point in neutral zone.
17:28 of 3rd period - Slapshot by K'Andre Miller.
17:28 of 3rd period - Deflect By Max Domi.
17:28 of 3rd period - Shot Misses the Net.
17:28 of 3rd period - Puck is out of play.
17:29 of 3rd period - Bo Horvat wins face-off versus Elias Lindholm in Avalanche zone.
17:29 of 3rd period - Bo Horvat is hit by Andrew Mangiapane.
17:35 of 3rd period - Backhand shot by Bo Horvat.
17:35 of 3rd period - Deflect By David Pastrnak.
17:35 of 3rd period - Stopped by Linus Ullmark with a rebound.
17:56 of 3rd period - Off-side.
17:57 of 3rd period - Matt Duchene wins face-off versus Brayden Point in neutral zone.
18:22 of 3rd period - Matt Duchene is hit by Brayden Point and loses puck.
18:33 of 3rd period - Slapshot by Vladislav Gavrikov.
18:33 of 3rd period - Stopped by Vitek Vanecek with a rebound.
18:35 of 3rd period - Slapshot by Vladislav Gavrikov.
18:35 of 3rd period - Stopped by Vitek Vanecek with a rebound.
19:02 of 3rd period - Off-side.
19:03 of 3rd period - Bo Horvat wins face-off versus Max Domi in neutral zone.
19:16 of 3rd period - Slapshot by Justin Faulk.
19:16 of 3rd period - Deflect By Andrew Mangiapane.
19:16 of 3rd period - Shot Misses the Net.
19:16 of 3rd period - Puck is out of play.
19:17 of 3rd period - Bo Horvat wins face-off versus Elias Lindholm in Avalanche zone.
19:34 of 3rd period - Wrist shot by Elias Lindholm.
19:34 of 3rd period - Stopped by Vitek Vanecek without a rebound.
19:35 of 3rd period - David Kampf wins face-off versus Mathew Barzal in Avalanche zone.
19:40 of 3rd period - Wrist shot by Esa Lindell.
19:40 of 3rd period - Stopped by Linus Ullmark with a rebound.
19:42 of 3rd period - Wrist shot by Nikolaj Ehlers.
19:42 of 3rd period - Shot Blocked by Jonas Siegenthaler.
19:44 of 3rd period - Slapshot by Nikolaj Ehlers.
19:44 of 3rd period - Deflect By David Kampf.
19:44 of 3rd period - Stopped by Linus Ullmark without a rebound.
19:45 of 3rd period - David Kampf wins face-off versus Mathew Barzal in Canadiens zone.
19:48 of 3rd period - Wrist shot by Nikolaj Ehlers.
19:48 of 3rd period - Stopped by Linus Ullmark with a rebound.
19:50 of 3rd period - Snap shot by David Kampf.
19:50 of 3rd period - Stopped by Linus Ullmark without a rebound.
19:51 of 3rd period - Elias Lindholm wins face-off versus Bo Horvat in Canadiens zone.
Goals for this period are 1 for Avalanche vs 2 for Canadiens.
Shots for this period are 8 for Avalanche vs 17 for Canadiens.